Rafales vs Little Stars
(R1)
Created - 4 avril 2016 at 19:18
Goals
|
| Rafales |
1 |
3 |
3 |
0 |
0 |
7 |
| Little Stars |
2 |
3 |
2 |
0 |
1 |
8 |
|
Shots
|
| Rafales |
11 |
15 |
8 |
0 |
3 |
34 |
| Little Stars |
18 |
16 |
7 |
0 |
3 |
41 |
|
1st period
1. Little Stars , Marcus Johansson 23 (Raphael Diaz, Cody Bass) at 5:02
2. Rafales , Ryan Ellis 12 (Cody McLeod, Jeff Skinner) at 8:21 (PP)
3. Little Stars , Alex Chiasson 25 (Erik Haula, Jesse Joensuu) at 18:11
Penalties :
Conor Allen (Tex) for Hooking (Minor) at 8:16, Petter Granberg (Tex) for Fighting (Major) at 15:35, Tim Crowder (Stf) for Fighting (Major) at 15:35, Tim Crowder (Stf) for instigated a fight (Minor) at 15:35, Tim Crowder (Stf) for instigated a fight (10 Minutes Misconduct) at 15:35
2nd period
4. Rafales , Dmitry Kulikov 8 (Cody McLeod, Jeff Skinner) at 2:05 (PP)
5. Little Stars , Anthony Stewart 17 (Sean Avery, Marcus Kruger) at 2:26 (PP)
6. Rafales , Cody McLeod 51 (Milan Bartovic) at 10:02
7. Little Stars , Anthony Stewart 18 (Marcus Kruger, Raphael Diaz) at 10:28
8. Little Stars , Hugh Jessiman 19 (Marcus Johansson) at 12:04
9. Rafales , Johan Ryno 15 (Ryan Ellis) at 16:19
Penalties :
Sean Avery (Tex) for Hooking (Minor) at 1:51, Milan Bartovic (Stf) for Roughing (Minor) at 2:10, Matt Gilroy (Stf) for Close Hand On Puck (Minor) at 18:50
3rd period
10. Little Stars , Anthony Stewart 19 (Raphael Diaz, Marcus Kruger) at 0:08 (PP)
11. Rafales , Milan Bartovic 24 (Kevin Veilleux) at 0:24
12. Rafales , Ryan Ellis 13 (Cody McLeod, Jeff Skinner) at 1:34 (PP)
13. Rafales , Kevin Veilleux 11 (Matt Gilroy, Milan Bartovic) at 3:21
14. Little Stars , Marcus Kruger 38 (Anthony Stewart) at 3:37
Penalties :
Justin Faulk (Tex) for Goalie Interference (Minor) at 1:21, Justin Faulk (Tex) for Hooking (Minor) at 5:07, Justin Faulk (Tex) for Holding (Minor) at 16:30, Tim Crowder (Stf) for Hooking (Minor) at 19:35
Overtime #1
No Goal
Penalties :
No Penalty
Shootout
Penalty Shot by Jeff Skinner for Rafales - Stopped by Erik Ersberg
Penalty Shot by Sean Avery for Little Stars - Stopped by Eddie Lack
Penalty Shot by Milan Bartovic for Rafales - Stopped by Erik Ersberg
Penalty Shot by Anthony Stewart for Little Stars - Stopped by Eddie Lack
Penalty Shot by Cody McLeod for Rafales - Stopped by Erik Ersberg
Penalty Shot by Marcus Kruger for Little Stars - Goal!
Penalties :
No Penalty
Goalie Stats
Eddie Lack (Stf), 34 saves from 41 shots - (0,829), OTL, 10-7-3, 65:00 minutes
Erik Ersberg (Tex), 27 saves from 34 shots - (0,794), W, 5-1-1, 65:00 minutes
Players Stats for Rafales
Player Name G A P +/- PIM S H SB GA TA FO MP PP MP PK MP
------------------------------------------------------------------------------------
Bruno Gervais 0 0 0 2 0 1 5 1 0 1 0/0 20:59 0:39 0:28
Cody McLeod 1 3 4 0 0 2 2 1 1 0 1/4 25:08 2:28 1:26
Dan Fritsche 0 0 0 0 0 3 4 0 3 0 8/22 17:04 0:00 3:18
Dmitry Kulikov 1 0 1 -2 0 3 3 1 1 1 0/0 30:10 3:18 2:25
Jeff Skinner 0 3 3 0 0 1 0 0 0 0 3/5 15:03 2:18 0:00
Johan Ryno 1 0 1 0 0 2 0 0 0 0 0/0 9:02 0:08 0:00
Jonas Junland 0 0 0 0 0 0 0 1 0 0 0/0 12:52 0:00 0:00
Jonathan Rheault 0 0 0 0 0 3 2 0 1 0 0/0 13:04 0:00 0:00
Kevin Veilleux 1 1 2 0 0 2 2 1 0 1 9/28 16:12 0:00 0:00
Matt Gilroy 0 1 1 1 2 1 1 1 1 0 0/0 21:09 1:35 2:08
Michael Bournival 0 0 0 -1 0 1 1 0 0 0 0/1 16:49 2:28 0:00
Mike Sislo 0 0 0 0 0 2 1 0 0 0 0/0 10:06 1:54 0:00
Milan Bartovic 1 2 3 0 2 2 2 0 2 0 0/1 20:50 0:08 2:56
Nathan Davis 0 0 0 -1 0 6 2 0 1 0 7/14 17:52 1:54 1:43
Ryan Ellis 2 1 3 -2 0 2 1 1 1 0 0/0 29:27 2:55 2:21
Stefan Chaput 0 0 0 0 0 0 0 0 0 1 0/2 8:43 0:18 0:06
Tim Crowder 0 0 0 -1 19 1 2 1 0 0 0/0 11:42 1:54 0:00
Willie Mitchell 0 0 0 -1 0 2 3 2 1 1 0/0 18:12 0:33 3:42
Players Stats for Little Stars
Player Name G A P +/- PIM S H SB GA TA FO MP PP MP PK MP
------------------------------------------------------------------------------------
Alex Chiasson 1 0 1 0 0 3 1 1 0 1 0/0 10:08 0:00 0:00
Alexander Guptill 0 0 0 0 0 0 0 0 0 0 0/0 0:18 0:00 0:00
Alexander Vasyunov 0 0 0 0 0 0 0 0 0 0 0/0 2:21 0:00 0:00
Andrej Nestrasil 0 0 0 0 0 0 0 0 0 0 1/2 2:55 0:00 1:45
Anthony Stewart 3 1 4 1 0 9 3 1 0 3 2/4 25:45 2:15 2:10
Cody Bass 0 1 1 0 0 5 1 0 1 0 4/12 15:19 1:42 0:00
Connor Brickley 0 0 0 0 0 0 0 0 0 0 0/0 0:00 0:00 0:00
Conor Allen 0 0 0 1 2 0 0 0 0 1 0/0 13:29 0:00 1:34
Dana Tyrell 0 0 0 0 0 0 1 0 0 1 2/2 7:28 0:00 0:00
Danny DeKeiser 0 0 0 3 0 1 1 3 1 0 0/0 22:57 1:06 2:30
Erik Haula 0 1 1 0 0 0 2 1 0 0 2/3 10:06 0:00 0:11
Hugh Jessiman 1 0 1 0 0 1 4 0 0 1 0/0 17:30 1:42 0:51
Jamie McGinn 0 0 0 0 0 0 0 0 0 0 1/1 2:22 0:00 0:00
Jared Spurgeon 0 0 0 -2 0 3 3 2 0 1 0/0 30:53 2:51 2:00
Jesse Joensuu 0 1 1 0 0 1 0 0 0 0 0/0 9:50 0:00 0:00
Justin Faulk 0 0 0 2 6 2 0 0 1 0 0/0 20:25 1:06 0:00
Landon Ferraro 0 0 0 0 0 0 0 0 0 0 0/0 0:00 0:00 0:00
Marcus Johansson 1 1 2 0 0 1 0 0 0 0 0/0 17:09 1:42 1:08
Marcus Kruger 1 3 4 1 0 6 0 0 0 0 34/47 23:23 2:15 0:51
Oscar Lindberg 0 0 0 0 0 0 0 0 0 0 0/0 0:00 0:00 0:00
Petter Granberg 0 0 0 0 5 0 3 1 0 1 0/0 11:50 0:00 0:56
Raphael Diaz 0 3 3 -2 0 3 2 0 1 3 0/0 30:53 2:51 2:00
Robert Klinkhammer 0 0 0 0 0 2 1 0 0 0 0/0 7:28 0:00 0:00
Sean Avery 0 1 1 1 2 3 3 0 1 0 3/6 25:27 2:15 2:04
Tom Kuhnhackl 0 0 0 0 0 1 0 0 0 0 0/0 7:28 0:00 0:00
3 Stars
1 - Anthony Stewart (Tex)
2 - Cody McLeod (Stf)
3 - Marcus Kruger (Tex)
Power Play
Rafales - 3 on 5 Attempt(s) - 60,00%
Little Stars - 2 on 4 Attempt(s) - 50,00%
Penalty Kill
Rafales - 2 on 4 Attempt(s) - 50,00%
- Score 0 goal in Penalty Kill
Little Stars - 2 on 5 Attempt(s) - 40,00%
- Score 0 goal in Penalty Kill
Team Stat
Rafales - Hits : 31 - Faceoff Wins : 28 - Blocked Shots : 10 - Penalty Minutes : 23
Little Stars - Hits : 25 - Faceoff Wins : 49 - Blocked Shots : 9 - Penalty Minutes : 15
Official
Referees : StPierre Justin and Devorski Paul
Linesman : Vaughan Rody and Darren Gibbs
Game Notes
Petter Granberg and Tim Crowder fight to a draw at 15:35 of 1st period
Anthony Stewart has scored a Hat Trick!
Finance
Level 1 -- Attendance: 1491 (74,55%) -- Ticket Income 52 185 $
Level 2 -- Attendance: 730 (73,00%) -- Ticket Income 10 950 $
Total Attendance: 2221 (74,03%)
Total Ticket Income: 63 135 $
Other Income: 3 157 $
Total Income: 66 292 $
Rafales
5 vs 5 Forward
Center Left Wing Right Wing Time % Phy DF OF
1 Kevin Veilleux Cody McLeod Milan Bartovic 40 1 2 2
2 Nathan Davis Michael Bournival Tim Crowder 30 1 2 2
3 Dan Fritsche Jeff Skinner Jonathan Rheault 20 1 2 2
4 Stefan Chaput Mike Sislo Johan Ryno 10 1 2 2
5 vs 5 Defense
Defense Defense Time % Phy DF OF
1 Ryan Ellis Dmitry Kulikov 40 1 3 1
2 Bruno Gervais Matt Gilroy 30 1 3 1
3 Willie Mitchell Jonas Junland 20 1 3 1
4 Dmitry Kulikov Ryan Ellis 10 1 3 1
PowerPlay Forward
Center Left Wing Right Wing Time % Phy DF OF
1 Jeff Skinner Cody McLeod Michael Bournival 60 1 2 2
2 Nathan Davis Mike Sislo Tim Crowder 40 1 2 2
PowerPlay Defense
Defense Defense Time % Phy DF OF
1 Ryan Ellis Dmitry Kulikov 60 1 2 2
2 Bruno Gervais Matt Gilroy 40 1 2 2
Penalty Kill 4 Players Forward
Center Wing Time % Phy DF OF
1 Dan Fritsche Milan Bartovic 60 1 2 2
2 Cody McLeod Nathan Davis 40 1 2 2
Penalty Kill 4 Players Defense
Defense Defense Time % Phy DF OF
1 Willie Mitchell Matt Gilroy 60 1 2 2
2 Dmitry Kulikov Ryan Ellis 40 1 2 2
Penalty Kill - 3 Players Forward
Forward Time % Phy DF OF
1 Dan Fritsche 60 1 2 2
2 Milan Bartovic 40 1 2 2
Penalty Kill - 3 Players Defense
Defense Defense Time % Phy DF OF
1 Willie Mitchell Ryan Ellis 60 1 2 2
2 Dmitry Kulikov Matt Gilroy 40 1 2 2
4 vs 4 Forward
Center Wing Time % Phy DF OF
1 Jeff Skinner Milan Bartovic 60 1 2 2
2 Cody McLeod Nathan Davis 40 1 2 2
4 vs 4 Defense
Defense Defense Time % Phy DF OF
1 Ryan Ellis Dmitry Kulikov 60 1 2 2
2 Bruno Gervais Matt Gilroy 40 1 2 2
Last Minutes Offensive
Center Left Wing Right Wing Defense Defense
Jeff Skinner Cody McLeod Michael Bournival Ryan Ellis Dmitry Kulikov
Last Minutes Defensive
Center Left Wing Right Wing Defense Defense
Dan Fritsche Cody McLeod Milan Bartovic Willie Mitchell Bruno Gervais
Goaltenders
Starting : Eddie Lack
Backup : Loïc Lacasse
Extra Forwards
Normal : Cody McLeod, Jeff Skinner, Michael Bournival - PP : Cody McLeod, Jeff Skinner - PK : Milan Bartovic
Extra Defensemen
Normal : Ryan Ellis, Dmitry Kulikov, Willie Mitchell - PP : Ryan Ellis - PK : Dmitry Kulikov, Willie Mitchell
Penalty Shots
Jeff Skinner, Milan Bartovic, Cody McLeod, Nathan Davis, Mike Sislo
Little Stars
5 vs 5 Forward
Center Left Wing Right Wing Time % Phy DF OF
1 Marcus Kruger Sean Avery Anthony Stewart 40 1 2 2
2 Cody Bass Marcus Johansson Hugh Jessiman 30 1 2 2
3 Erik Haula Jesse Joensuu Alex Chiasson 20 1 2 2
4 Dana Tyrell Robert Klinkhammer Tom Kuhnhackl 10 1 2 2
5 vs 5 Defense
Defense Defense Time % Phy DF OF
1 Raphael Diaz Jared Spurgeon 40 1 2 2
2 Danny DeKeiser Justin Faulk 30 1 2 2
3 Petter Granberg Conor Allen 20 1 2 2
4 Raphael Diaz Jared Spurgeon 10 1 2 2
PowerPlay Forward
Center Left Wing Right Wing Time % Phy DF OF
1 Marcus Kruger Sean Avery Anthony Stewart 60 1 2 2
2 Cody Bass Marcus Johansson Hugh Jessiman 40 1 2 2
PowerPlay Defense
Defense Defense Time % Phy DF OF
1 Raphael Diaz Jared Spurgeon 60 1 2 2
2 Danny DeKeiser Justin Faulk 40 1 2 2
Penalty Kill 4 Players Forward
Center Wing Time % Phy DF OF
1 Sean Avery Anthony Stewart 60 1 2 2
2 Marcus Kruger Hugh Jessiman 40 1 2 2
Penalty Kill 4 Players Defense
Defense Defense Time % Phy DF OF
1 Raphael Diaz Jared Spurgeon 60 1 2 2
2 Danny DeKeiser Justin Faulk 40 1 2 2
Penalty Kill - 3 Players Forward
Forward Time % Phy DF OF
1 Sean Avery 60 1 2 2
2 Anthony Stewart 40 1 2 2
Penalty Kill - 3 Players Defense
Defense Defense Time % Phy DF OF
1 Raphael Diaz Jared Spurgeon 60 1 2 2
2 Danny DeKeiser Justin Faulk 40 1 2 2
4 vs 4 Forward
Center Wing Time % Phy DF OF
1 Sean Avery Anthony Stewart 60 1 2 2
2 Marcus Kruger Hugh Jessiman 40 1 2 2
4 vs 4 Defense
Defense Defense Time % Phy DF OF
1 Raphael Diaz Jared Spurgeon 60 1 2 2
2 Danny DeKeiser Justin Faulk 40 1 2 2
Last Minutes Offensive
Center Left Wing Right Wing Defense Defense
Marcus Kruger Sean Avery Anthony Stewart Raphael Diaz Jared Spurgeon
Last Minutes Defensive
Center Left Wing Right Wing Defense Defense
Marcus Kruger Sean Avery Anthony Stewart Raphael Diaz Jared Spurgeon
Goaltenders
Starting : Erik Ersberg
Backup : Peter Budaj
Extra Forwards
Normal : Alexander Vasyunov, Jamie McGinn, Andrej Nestrasil - PP : Alexander Vasyunov, Jamie McGinn - PK : Andrej Nestrasil
Extra Defensemen
Normal : Petter Granberg, Conor Allen, Danny DeKeiser - PP : Petter Granberg - PK : Conor Allen, Danny DeKeiser
Penalty Shots
Sean Avery, Anthony Stewart, Marcus Kruger, Hugh Jessiman, Alex Chiasson
% Time on Ice - Rafales
Lines # - Real PCT - Wanted PCT - Time Play
Normal Forward
1 - 33% - 40% - 16:49
2 - 28% - 30% - 14:24
3 - 25% - 20% - 13:04
4 - 14% - 10% - 7:16
Normal Defense
1 - 40% - 40% - 20:50
2 - 25% - 30% - 12:46
3 - 27% - 20% - 13:53
4 - 8% - 10% - 4:04
PP Forward
1 - 58% - 60% - 2:36
2 - 42% - 40% - 1:54
PP Defense
1 - 86% - 60% - 3:51
2 - 14% - 40% - 0:39
PK Forward
1 - 80% - 60% - 3:09
2 - 20% - 40% - 0:48
PK Defense
1 - 67% - 60% - 2:39
2 - 33% - 40% - 1:18
PK3 Forward
1 - 96% - 60% - 1:31
2 - 4% - 40% - 0:04
PK3 Defense
1 - 66% - 60% - 1:03
2 - 34% - 40% - 0:32
44 Forward
1 - 89% - 60% - 3:02
2 - 11% - 40% - 0:23
44 Defense
1 - 40% - 60% - 1:22
2 - 60% - 40% - 2:03
Last Minute Offensive - 0:00
Last Minute Defensive - 0:00
Total
Forward - 65:00
Defense - 65:00
|
% Time on Ice - Little Stars
Lines # - Real PCT - Wanted PCT - Time Play
Normal Forward
1 - 38% - 40% - 19:28
2 - 29% - 30% - 14:42
3 - 19% - 20% - 9:55
4 - 14% - 10% - 7:28
Normal Defense
1 - 39% - 40% - 20:16
2 - 32% - 30% - 16:34
3 - 22% - 20% - 11:15
4 - 7% - 10% - 3:28
PP Forward
1 - 57% - 60% - 2:15
2 - 43% - 40% - 1:42
PP Defense
1 - 72% - 60% - 2:51
2 - 28% - 40% - 1:06
PK Forward
1 - 81% - 60% - 3:39
2 - 19% - 40% - 0:51
PK Defense
1 - 44% - 60% - 2:00
2 - 56% - 40% - 2:30
PK3 Forward
1 - 0% - 60%
2 - 0% - 40%
PK3 Defense
1 - 0% - 60%
2 - 0% - 40%
44 Forward
1 - 79% - 60% - 3:57
2 - 21% - 40% - 1:03
44 Defense
1 - 55% - 60% - 2:44
2 - 45% - 40% - 2:16
Last Minute Offensive - 0:00
Last Minute Defensive - 0:00
Total
Forward - 65:00
Defense - 65:00
|
Play by Play
1st period
0:01 of 1st period - Kevin Veilleux wins face-off versus Marcus Kruger in neutral zone.
0:03 of 1st period - Off-side.
0:04 of 1st period - Marcus Kruger wins face-off versus Kevin Veilleux in neutral zone.
0:09 of 1st period - Wrist shot by Marcus Kruger.
0:09 of 1st period - Shot Blocked by Ryan Ellis.
0:35 of 1st period - Slapshot by Nathan Davis.
0:35 of 1st period - Shot Misses the Net.
1:01 of 1st period - Slapshot by Mike Sislo.
1:01 of 1st period - Stopped by Erik Ersberg without a rebound.
1:02 of 1st period - Dana Tyrell wins face-off versus Dan Fritsche in Little Stars zone.
1:54 of 1st period - Tim Crowder is hit by Petter Granberg and loses puck.
2:01 of 1st period - Bruno Gervais is hit by Cody Bass and loses puck.
2:22 of 1st period - Wrist shot by Johan Ryno.
2:22 of 1st period - Stopped by Erik Ersberg without a rebound.
2:23 of 1st period - Kevin Veilleux wins face-off versus Marcus Kruger in Little Stars zone.
2:36 of 1st period - Snap shot by Sean Avery.
2:36 of 1st period - Shot Misses the Net.
4:04 of 1st period - Slapshot by Sean Avery.
4:04 of 1st period - Stopped by Eddie Lack without a rebound.
4:05 of 1st period - Nathan Davis wins face-off versus Anthony Stewart in Rafales zone.
4:30 of 1st period - Jonas Junland is hit by Petter Granberg.
4:50 of 1st period - Wrist shot by Nathan Davis.
4:50 of 1st period - Stopped by Erik Ersberg without a rebound.
4:51 of 1st period - Kevin Veilleux wins face-off versus Cody Bass in Little Stars zone.
5:02 of 1st period - Wrist shot by Marcus Johansson.
5:02 of 1st period - Goal by Marcus Johansson - Rafales : 0 - Little Stars : 1.
5:03 of 1st period - Kevin Veilleux wins face-off versus Anthony Stewart in neutral zone.
5:10 of 1st period - Slapshot by Marcus Kruger.
5:10 of 1st period - Shot Misses the Net.
5:28 of 1st period - Dan Fritsche is hit by Jared Spurgeon and loses puck.
5:53 of 1st period - Wrist shot by Nathan Davis.
5:53 of 1st period - Shot Hit the Post.
5:55 of 1st period - Snap shot by Nathan Davis.
5:55 of 1st period - Shot Blocked by Danny DeKeiser.
5:59 of 1st period - Slapshot by Tim Crowder.
5:59 of 1st period - Shot Misses the Net.
6:01 of 1st period - Slapshot by Willie Mitchell.
6:01 of 1st period - Stopped by Erik Ersberg with a rebound.
6:32 of 1st period - Anthony Stewart is hit by Milan Bartovic and loses puck.
6:59 of 1st period - Slapshot by Hugh Jessiman.
6:59 of 1st period - Shot Blocked by Bruno Gervais.
7:01 of 1st period - Snap shot by Cody Bass.
7:01 of 1st period - Stopped by Eddie Lack without a rebound.
7:02 of 1st period - Cody Bass wins face-off versus Kevin Veilleux in Rafales zone.
7:12 of 1st period - Icing by Dmitry Kulikov.
7:13 of 1st period - Marcus Kruger wins face-off versus Kevin Veilleux in Rafales zone.
8:03 of 1st period - Slapshot by Nathan Davis.
8:03 of 1st period - Shot Misses the Net.
8:05 of 1st period - Snap shot by Dmitry Kulikov.
8:05 of 1st period - Shot Blocked by Petter Granberg.
8:07 of 1st period - Snap shot by Michael Bournival.
8:07 of 1st period - Stopped by Erik Ersberg without a rebound.
8:08 of 1st period - Dan Fritsche wins face-off versus Marcus Kruger in Little Stars zone.
8:16 of 1st period - Minor Penalty to Conor Allen for Hooking.
8:17 of 1st period - Jeff Skinner wins face-off versus Sean Avery in Little Stars zone.
8:21 of 1st period - Slapshot by Ryan Ellis.
8:21 of 1st period - Goal by Ryan Ellis - Rafales : 1 - Little Stars : 1.
8:22 of 1st period - Marcus Kruger wins face-off versus Kevin Veilleux in neutral zone.
8:35 of 1st period - Wrist shot by Anthony Stewart.
8:35 of 1st period - Stopped by Eddie Lack without a rebound.
8:36 of 1st period - Dan Fritsche wins face-off versus Cody Bass in Rafales zone.
8:36 of 1st period - Dan Fritsche is hit by Hugh Jessiman.
9:03 of 1st period - Cody McLeod is hit by Sean Avery and loses puck.
9:50 of 1st period - Snap shot by Robert Klinkhammer.
9:50 of 1st period - Stopped by Eddie Lack with a rebound.
10:18 of 1st period - Wrist shot by Jonathan Rheault.
10:18 of 1st period - Stopped by Erik Ersberg with a rebound.
10:20 of 1st period - Slapshot by Matt Gilroy.
10:20 of 1st period - Shot Blocked by Jared Spurgeon.
10:36 of 1st period - Slapshot by Raphael Diaz.
10:36 of 1st period - Stopped by Eddie Lack without a rebound.
10:37 of 1st period - Marcus Kruger wins face-off versus Nathan Davis in Rafales zone.
10:50 of 1st period - Slapshot by Nathan Davis.
10:50 of 1st period - Stopped by Erik Ersberg with a rebound.
10:52 of 1st period - Slapshot by Willie Mitchell.
10:52 of 1st period - Stopped by Erik Ersberg with a rebound.
11:30 of 1st period - Mike Sislo is hit by Jared Spurgeon and loses puck.
12:13 of 1st period - Snap shot by Sean Avery.
12:13 of 1st period - Shot Misses the Net.
12:21 of 1st period - Matt Gilroy is hit by Anthony Stewart and loses puck.
12:38 of 1st period - Wrist shot by Milan Bartovic.
12:38 of 1st period - Stopped by Erik Ersberg without a rebound.
12:39 of 1st period - Cody Bass wins face-off versus Cody McLeod in Little Stars zone.
12:54 of 1st period - Slapshot by Cody Bass.
12:54 of 1st period - Stopped by Eddie Lack with a rebound.
13:05 of 1st period - Hugh Jessiman is hit by Milan Bartovic and loses puck.
13:21 of 1st period - Off-side.
13:22 of 1st period - Nathan Davis wins face-off versus Marcus Kruger in neutral zone.
13:37 of 1st period - Wrist shot by Tim Crowder.
13:37 of 1st period - Shot Misses the Net.
13:47 of 1st period - Dmitry Kulikov is hit by Erik Haula and loses puck.
14:08 of 1st period - Slapshot by Raphael Diaz.
14:08 of 1st period - Shot Blocked by Willie Mitchell.
14:10 of 1st period - Slapshot by Jared Spurgeon.
14:10 of 1st period - Deflect By Tom Kuhnhackl.
14:10 of 1st period - Stopped by Eddie Lack with a rebound.
14:12 of 1st period - Slapshot by Jared Spurgeon.
14:12 of 1st period - Stopped by Eddie Lack with a rebound.
14:16 of 1st period - Slapshot by Jared Spurgeon.
14:16 of 1st period - Stopped by Eddie Lack without a rebound.
14:17 of 1st period - Kevin Veilleux wins face-off versus Marcus Kruger in Rafales zone.
14:28 of 1st period - Slapshot by Cody McLeod.
14:28 of 1st period - Deflect By Justin Faulk.
14:28 of 1st period - Shot Blocked by Anthony Stewart.
14:28 of 1st period - Puck is out of play.
14:29 of 1st period - Marcus Kruger wins face-off versus Nathan Davis in Little Stars zone.
14:34 of 1st period - Ryan Ellis is hit by Danny DeKeiser and loses puck.
15:20 of 1st period - Snap shot by Jesse Joensuu.
15:20 of 1st period - Stopped by Eddie Lack without a rebound.
15:21 of 1st period - Nathan Davis wins face-off versus Marcus Kruger in Rafales zone.
15:34 of 1st period - Slapshot by Tim Crowder.
15:34 of 1st period - Stopped by Erik Ersberg with a rebound.
15:35 of 1st period - Petter Granberg and Tim Crowder fight to a draw.
15:35 of 1st period - Penalty to Petter Granberg for Fighting.
15:35 of 1st period - Penalty to Tim Crowder for Fighting.
15:35 of 1st period - Penalty to Tim Crowder for instigated a fight.
15:35 of 1st period - Penalty to Tim Crowder for instigated a fight.
15:36 of 1st period - Marcus Kruger wins face-off versus Dan Fritsche in Little Stars zone.
15:41 of 1st period - Wrist shot by Raphael Diaz.
15:41 of 1st period - Shot Misses the Net.
15:43 of 1st period - Wrist shot by Anthony Stewart.
15:43 of 1st period - Shot Misses the Net.
15:45 of 1st period - Snap shot by Raphael Diaz.
15:45 of 1st period - Shot Blocked by Matt Gilroy.
15:47 of 1st period - Wrist shot by Marcus Kruger.
15:47 of 1st period - Stopped by Eddie Lack without a rebound.
15:48 of 1st period - Marcus Kruger wins face-off versus Dan Fritsche in Rafales zone.
15:49 of 1st period - Wrist shot by Anthony Stewart.
15:49 of 1st period - Stopped by Eddie Lack without a rebound.
15:50 of 1st period - Marcus Kruger wins face-off versus Dan Fritsche in Rafales zone.
15:51 of 1st period - Snap shot by Sean Avery.
15:51 of 1st period - Stopped by Eddie Lack without a rebound.
15:52 of 1st period - Dan Fritsche wins face-off versus Marcus Kruger in Rafales zone.
17:30 of 1st period - Cody McLeod is hit by Jared Spurgeon and loses puck.
17:35 of 1st period - Penalty to Tim Crowder is over, Johan Ryno is send on ice.
18:09 of 1st period - Snap shot by Erik Haula.
18:09 of 1st period - Shot Misses the Net.
18:11 of 1st period - Backhand shot by Alex Chiasson.
18:11 of 1st period - Goal by Alex Chiasson - Rafales : 1 - Little Stars : 2.
18:12 of 1st period - Marcus Kruger wins face-off versus Dan Fritsche in neutral zone.
18:21 of 1st period - Marcus Kruger is hit by Jonathan Rheault and loses puck.
18:59 of 1st period - Slapshot by Alex Chiasson.
18:59 of 1st period - Stopped by Eddie Lack with a rebound.
19:01 of 1st period - Snap shot by Justin Faulk.
19:01 of 1st period - Stopped by Eddie Lack with a rebound.
19:03 of 1st period - Slapshot by Danny DeKeiser.
19:03 of 1st period - Stopped by Eddie Lack without a rebound.
19:04 of 1st period - Marcus Kruger wins face-off versus Dan Fritsche in Rafales zone.
19:19 of 1st period - Snap shot by Dan Fritsche.
19:19 of 1st period - Shot Misses the Net.
19:42 of 1st period - Ryan Ellis is hit by Hugh Jessiman and loses puck.
Goals for this period are 1 for Rafales vs 2 for Little Stars.
Shots for this period are 11 for Rafales vs 18 for Little Stars.
2nd period
0:01 of 2nd period - Marcus Kruger wins face-off versus Kevin Veilleux in neutral zone.
0:04 of 2nd period - Backhand shot by Jared Spurgeon.
0:04 of 2nd period - Stopped by Eddie Lack without a rebound.
0:05 of 2nd period - Anthony Stewart wins face-off versus Kevin Veilleux in Rafales zone.
0:06 of 2nd period - Slapshot by Sean Avery.
0:06 of 2nd period - Shot Misses the Net.
0:19 of 2nd period - Off-side.
0:20 of 2nd period - Nathan Davis wins face-off versus Cody Bass in neutral zone.
0:29 of 2nd period - Snap shot by Cody McLeod.
0:29 of 2nd period - Stopped by Erik Ersberg with a rebound.
0:52 of 2nd period - Snap shot by Jeff Skinner.
0:52 of 2nd period - Shot Misses the Net.
0:54 of 2nd period - Wrist shot by Bruno Gervais.
0:54 of 2nd period - Stopped by Erik Ersberg without a rebound.
0:55 of 2nd period - Cody Bass wins face-off versus Cody McLeod in Little Stars zone.
1:31 of 2nd period - Icing by Danny DeKeiser.
1:32 of 2nd period - Dan Fritsche wins face-off versus Marcus Kruger in Little Stars zone.
1:39 of 2nd period - Snap shot by Dan Fritsche.
1:39 of 2nd period - Stopped by Erik Ersberg without a rebound.
1:40 of 2nd period - Marcus Kruger wins face-off versus Dan Fritsche in Little Stars zone.
1:40 of 2nd period - Marcus Kruger is hit by Dan Fritsche.
1:46 of 2nd period - Slapshot by Ryan Ellis.
1:46 of 2nd period - Shot Misses the Net.
1:51 of 2nd period - Minor Penalty to Sean Avery for Hooking.
1:52 of 2nd period - Andrej Nestrasil wins face-off versus Jeff Skinner in Little Stars zone.
2:01 of 2nd period - Slapshot by Dmitry Kulikov.
2:01 of 2nd period - Deflect By Jeff Skinner.
2:01 of 2nd period - Stopped by Erik Ersberg without a rebound.
2:02 of 2nd period - Jeff Skinner wins face-off versus Andrej Nestrasil in Little Stars zone.
2:03 of 2nd period - Wrist shot by Cody McLeod.
2:03 of 2nd period - Shot Misses the Net.
2:05 of 2nd period - Backhand shot by Dmitry Kulikov.
2:05 of 2nd period - Goal by Dmitry Kulikov - Rafales : 2 - Little Stars : 2.
2:06 of 2nd period - Marcus Kruger wins face-off versus Kevin Veilleux in neutral zone.
2:06 of 2nd period - Jared Spurgeon is hit by Cody McLeod and loses puck.
2:10 of 2nd period - Minor Penalty to Milan Bartovic for Roughing.
2:11 of 2nd period - Dan Fritsche wins face-off versus Marcus Kruger in Rafales zone.
2:26 of 2nd period - Wrist shot by Anthony Stewart.
2:26 of 2nd period - Goal by Anthony Stewart - Rafales : 2 - Little Stars : 3.
2:27 of 2nd period - Marcus Kruger wins face-off versus Kevin Veilleux in neutral zone.
2:32 of 2nd period - Slapshot by Raphael Diaz.
2:32 of 2nd period - Stopped by Eddie Lack without a rebound.
2:33 of 2nd period - Cody McLeod wins face-off versus Marcus Kruger in Rafales zone.
3:22 of 2nd period - Snap shot by Raphael Diaz.
3:22 of 2nd period - Deflect By Bruno Gervais.
3:22 of 2nd period - Stopped by Eddie Lack with a rebound.
3:39 of 2nd period - Icing by Bruno Gervais.
3:40 of 2nd period - Dana Tyrell wins face-off versus Cody McLeod in Rafales zone.
3:49 of 2nd period - Wrist shot by Milan Bartovic.
3:49 of 2nd period - Shot Misses the Net.
3:51 of 2nd period - Slapshot by Kevin Veilleux.
3:51 of 2nd period - Shot Blocked by Danny DeKeiser.
3:53 of 2nd period - Backhand shot by Cody McLeod.
3:53 of 2nd period - Shot Misses the Net.
3:55 of 2nd period - Slapshot by Bruno Gervais.
3:55 of 2nd period - Shot Blocked by Danny DeKeiser.
4:09 of 2nd period - Slapshot by Sean Avery.
4:09 of 2nd period - Shot Blocked by Willie Mitchell.
4:13 of 2nd period - Wrist shot by Marcus Kruger.
4:13 of 2nd period - Stopped by Eddie Lack with a rebound.
4:15 of 2nd period - Snap shot by Anthony Stewart.
4:15 of 2nd period - Stopped by Eddie Lack without a rebound.
4:16 of 2nd period - Kevin Veilleux wins face-off versus Cody Bass in Rafales zone.
4:25 of 2nd period - Wrist shot by Cody McLeod.
4:25 of 2nd period - Shot Misses the Net.
4:46 of 2nd period - Snap shot by Nathan Davis.
4:46 of 2nd period - Stopped by Erik Ersberg with a rebound.
4:48 of 2nd period - Slapshot by Dmitry Kulikov.
4:48 of 2nd period - Deflect By Anthony Stewart.
4:48 of 2nd period - Stopped by Erik Ersberg without a rebound.
4:49 of 2nd period - Marcus Kruger wins face-off versus Nathan Davis in Little Stars zone.
5:00 of 2nd period - Snap shot by Anthony Stewart.
5:00 of 2nd period - Stopped by Eddie Lack without a rebound.
5:01 of 2nd period - Marcus Kruger wins face-off versus Nathan Davis in Rafales zone.
5:06 of 2nd period - Snap shot by Marcus Kruger.
5:06 of 2nd period - Shot Misses the Net.
6:13 of 2nd period - Matt Gilroy is hit by Dana Tyrell and loses puck.
6:54 of 2nd period - Cody Bass is hit by Willie Mitchell and loses puck.
7:23 of 2nd period - Raphael Diaz is hit by Dan Fritsche and loses puck.
8:14 of 2nd period - Snap shot by Mike Sislo.
8:14 of 2nd period - Stopped by Erik Ersberg without a rebound.
8:15 of 2nd period - Marcus Kruger wins face-off versus Nathan Davis in Little Stars zone.
9:00 of 2nd period - Slapshot by Dmitry Kulikov.
9:00 of 2nd period - Stopped by Erik Ersberg without a rebound.
9:01 of 2nd period - Kevin Veilleux wins face-off versus Erik Haula in Little Stars zone.
9:30 of 2nd period - Slapshot by Matt Gilroy.
9:30 of 2nd period - Deflect By Justin Faulk.
9:30 of 2nd period - Stopped by Erik Ersberg without a rebound.
9:31 of 2nd period - Dan Fritsche wins face-off versus Marcus Kruger in Little Stars zone.
10:00 of 2nd period - Wrist shot by Cody McLeod.
10:00 of 2nd period - Shot Misses the Net.
10:02 of 2nd period - Snap shot by Cody McLeod.
10:02 of 2nd period - Goal by Cody McLeod - Rafales : 3 - Little Stars : 3.
10:03 of 2nd period - Marcus Kruger wins face-off versus Milan Bartovic in neutral zone.
10:10 of 2nd period - Snap shot by Sean Avery.
10:10 of 2nd period - Shot Blocked by Dmitry Kulikov.
10:12 of 2nd period - Wrist shot by Marcus Kruger.
10:12 of 2nd period - Stopped by Eddie Lack without a rebound.
10:13 of 2nd period - Marcus Kruger wins face-off versus Kevin Veilleux in Rafales zone.
10:28 of 2nd period - Snap shot by Marcus Kruger.
10:28 of 2nd period - Deflect By Anthony Stewart.
10:28 of 2nd period - Goal by Anthony Stewart - Rafales : 3 - Little Stars : 4.
10:29 of 2nd period - Marcus Kruger wins face-off versus Kevin Veilleux in neutral zone.
10:34 of 2nd period - Milan Bartovic is hit by Anthony Stewart and loses puck.
10:35 of 2nd period - 10 Minutes Misconduct Penalty to Tim Crowder is over.
11:00 of 2nd period - Slapshot by Cody Bass.
11:00 of 2nd period - Stopped by Eddie Lack with a rebound.
11:20 of 2nd period - Jeff Skinner is hit by Erik Haula and loses puck.
11:29 of 2nd period - Snap shot by Jesse Joensuu.
11:29 of 2nd period - Deflect By Alex Chiasson.
11:29 of 2nd period - Stopped by Eddie Lack without a rebound.
11:30 of 2nd period - Marcus Kruger wins face-off versus Kevin Veilleux in Rafales zone.
11:34 of 2nd period - Icing by Cody McLeod.
11:35 of 2nd period - Kevin Veilleux wins face-off versus Marcus Kruger in Rafales zone.
12:02 of 2nd period - Snap shot by Hugh Jessiman.
12:02 of 2nd period - Shot Blocked by Tim Crowder.
12:04 of 2nd period - Wrist shot by Marcus Johansson.
12:04 of 2nd period - Deflect By Hugh Jessiman.
12:04 of 2nd period - Goal by Hugh Jessiman - Rafales : 3 - Little Stars : 5.
12:05 of 2nd period - Marcus Kruger wins face-off versus Kevin Veilleux in neutral zone.
12:08 of 2nd period - Dmitry Kulikov is hit by Sean Avery.
12:30 of 2nd period - Hugh Jessiman is hit by Dmitry Kulikov and loses puck.
12:51 of 2nd period - Wrist shot by Jonathan Rheault.
12:51 of 2nd period - Stopped by Erik Ersberg with a rebound.
12:53 of 2nd period - Wrist shot by Jeff Skinner.
12:53 of 2nd period - Shot Misses the Net.
12:55 of 2nd period - Snap shot by Dan Fritsche.
12:55 of 2nd period - Shot Misses the Net.
12:57 of 2nd period - Snap shot by Dan Fritsche.
12:57 of 2nd period - Shot Blocked by Jared Spurgeon.
12:59 of 2nd period - Slapshot by Dan Fritsche.
12:59 of 2nd period - Deflect By Jeff Skinner.
12:59 of 2nd period - Shot Blocked by Erik Haula.
12:59 of 2nd period - Puck is out of play.
13:00 of 2nd period - Marcus Kruger wins face-off versus Kevin Veilleux in Little Stars zone.
13:00 of 2nd period - Anthony Stewart is hit by Cody McLeod and loses puck.
13:26 of 2nd period - Michael Bournival is hit by Hugh Jessiman and loses puck.
13:31 of 2nd period - Snap shot by Cody Bass.
13:31 of 2nd period - Stopped by Eddie Lack without a rebound.
13:32 of 2nd period - Cody Bass wins face-off versus Nathan Davis in Rafales zone.
14:07 of 2nd period - Off-side.
14:08 of 2nd period - Marcus Kruger wins face-off versus Dan Fritsche in neutral zone.
15:06 of 2nd period - Alex Chiasson is hit by Mike Sislo and loses puck.
15:26 of 2nd period - Snap shot by Robert Klinkhammer.
15:26 of 2nd period - Stopped by Eddie Lack with a rebound.
15:38 of 2nd period - Raphael Diaz is hit by Bruno Gervais and loses puck.
16:19 of 2nd period - Snap shot by Johan Ryno.
16:19 of 2nd period - Goal by Johan Ryno - Rafales : 4 - Little Stars : 5.
16:20 of 2nd period - Anthony Stewart wins face-off versus Kevin Veilleux in neutral zone.
17:12 of 2nd period - Jeff Skinner is hit by Raphael Diaz and loses puck.
17:55 of 2nd period - Snap shot by Sean Avery.
17:55 of 2nd period - Stopped by Eddie Lack with a rebound.
17:59 of 2nd period - Snap shot by Anthony Stewart.
17:59 of 2nd period - Shot Misses the Net.
18:01 of 2nd period - Snap shot by Marcus Kruger.
18:01 of 2nd period - Shot Blocked by Jonas Junland.
18:03 of 2nd period - Slapshot by Sean Avery.
18:03 of 2nd period - Shot Blocked by Cody McLeod.
18:23 of 2nd period - Slapshot by Nathan Davis.
18:23 of 2nd period - Stopped by Erik Ersberg without a rebound.
18:24 of 2nd period - Dan Fritsche wins face-off versus Marcus Kruger in Little Stars zone.
18:31 of 2nd period - Snap shot by Jonathan Rheault.
18:31 of 2nd period - Stopped by Erik Ersberg without a rebound.
18:32 of 2nd period - Marcus Kruger wins face-off versus Dan Fritsche in Little Stars zone.
18:39 of 2nd period - Snap shot by Raphael Diaz.
18:39 of 2nd period - Deflect By Anthony Stewart.
18:39 of 2nd period - Stopped by Eddie Lack with a rebound.
18:50 of 2nd period - Minor Penalty to Matt Gilroy for Close Hand On Puck.
18:51 of 2nd period - Dan Fritsche wins face-off versus Sean Avery in Rafales zone.
Goals for this period are 3 for Rafales vs 3 for Little Stars.
Shots for this period are 15 for Rafales vs 16 for Little Stars.
3rd period
0:01 of 3rd period - Marcus Kruger wins face-off versus Dan Fritsche in neutral zone.
0:08 of 3rd period - Wrist shot by Anthony Stewart.
0:08 of 3rd period - Goal by Anthony Stewart - Rafales : 4 - Little Stars : 6.
0:09 of 3rd period - Marcus Kruger wins face-off versus Kevin Veilleux in neutral zone.
0:22 of 3rd period - Wrist shot by Kevin Veilleux.
0:22 of 3rd period - Stopped by Erik Ersberg with a rebound.
0:24 of 3rd period - Snap shot by Milan Bartovic.
0:24 of 3rd period - Goal by Milan Bartovic - Rafales : 5 - Little Stars : 6.
0:25 of 3rd period - Marcus Kruger wins face-off versus Kevin Veilleux in neutral zone.
0:28 of 3rd period - Snap shot by Anthony Stewart.
0:28 of 3rd period - Stopped by Eddie Lack with a rebound.
0:51 of 3rd period - Cody McLeod is hit by Alex Chiasson and loses puck.
1:07 of 3rd period - Off-side.
1:08 of 3rd period - Nathan Davis wins face-off versus Cody Bass in neutral zone.
1:17 of 3rd period - Snap shot by Nathan Davis.
1:17 of 3rd period - Stopped by Erik Ersberg without a rebound.
1:18 of 3rd period - Marcus Kruger wins face-off versus Michael Bournival in Little Stars zone.
1:18 of 3rd period - Marcus Kruger is hit by Ryan Ellis.
1:21 of 3rd period - Minor Penalty to Justin Faulk for Goalie Interference.
1:22 of 3rd period - Jeff Skinner wins face-off versus Sean Avery in Little Stars zone.
1:34 of 3rd period - Snap shot by Ryan Ellis.
1:34 of 3rd period - Goal by Ryan Ellis - Rafales : 6 - Little Stars : 6.
1:35 of 3rd period - Marcus Kruger wins face-off versus Kevin Veilleux in neutral zone.
2:02 of 3rd period - Hugh Jessiman is hit by Jonathan Rheault.
2:06 of 3rd period - Ryan Ellis is hit by Hugh Jessiman and loses puck.
2:52 of 3rd period - Icing by Stefan Chaput.
2:53 of 3rd period - Marcus Kruger wins face-off versus Stefan Chaput in Rafales zone.
2:56 of 3rd period - Wrist shot by Marcus Kruger.
2:56 of 3rd period - Stopped by Eddie Lack with a rebound.
3:06 of 3rd period - Slapshot by Marcus Kruger.
3:06 of 3rd period - Stopped by Eddie Lack without a rebound.
3:07 of 3rd period - Kevin Veilleux wins face-off versus Cody Bass in Rafales zone.
3:12 of 3rd period - Hugh Jessiman is hit by Kevin Veilleux and loses puck.
3:17 of 3rd period - Wrist shot by Milan Bartovic.
3:17 of 3rd period - Shot Misses the Net.
3:19 of 3rd period - Slapshot by Matt Gilroy.
3:19 of 3rd period - Shot Misses the Net.
3:21 of 3rd period - Snap shot by Kevin Veilleux.
3:21 of 3rd period - Goal by Kevin Veilleux - Rafales : 7 - Little Stars : 6.
3:22 of 3rd period - Marcus Kruger wins face-off versus Kevin Veilleux in neutral zone.
3:32 of 3rd period - Milan Bartovic is hit by Anthony Stewart and loses puck.
3:37 of 3rd period - Snap shot by Marcus Kruger.
3:37 of 3rd period - Goal by Marcus Kruger - Rafales : 7 - Little Stars : 7.
3:38 of 3rd period - Marcus Kruger wins face-off versus Kevin Veilleux in neutral zone.
3:41 of 3rd period - Slapshot by Jared Spurgeon.
3:41 of 3rd period - Shot Blocked by Kevin Veilleux.
4:03 of 3rd period - Marcus Johansson is hit by Tim Crowder.
4:37 of 3rd period - Slapshot by Ryan Ellis.
4:37 of 3rd period - Shot Blocked by Alex Chiasson.
4:44 of 3rd period - Icing by Danny DeKeiser.
4:45 of 3rd period - Erik Haula wins face-off versus Stefan Chaput in Little Stars zone.
4:45 of 3rd period - Erik Haula is hit by Bruno Gervais.
5:07 of 3rd period - Minor Penalty to Justin Faulk for Hooking.
5:08 of 3rd period - Sean Avery wins face-off versus Jeff Skinner in Little Stars zone.
5:17 of 3rd period - Jared Spurgeon is hit by Dmitry Kulikov and loses puck.
6:04 of 3rd period - Danny DeKeiser is hit by Nathan Davis and loses puck.
6:44 of 3rd period - Andrej Nestrasil is hit by Michael Bournival and loses puck.
7:07 of 3rd period - Penalty to Justin Faulk is over, Justin Faulk is back on ice.
7:23 of 3rd period - Snap shot by Dan Fritsche.
7:23 of 3rd period - Stopped by Erik Ersberg without a rebound.
7:24 of 3rd period - Erik Haula wins face-off versus Dan Fritsche in Little Stars zone.
7:51 of 3rd period - Dana Tyrell is hit by Bruno Gervais and loses puck.
7:58 of 3rd period - Justin Faulk is hit by Dan Fritsche and loses puck.
8:05 of 3rd period - Snap shot by Dan Fritsche.
8:05 of 3rd period - Shot Misses the Net.
8:31 of 3rd period - Justin Faulk is hit by Willie Mitchell and loses puck.
8:40 of 3rd period - Slapshot by Justin Faulk.
8:40 of 3rd period - Stopped by Eddie Lack with a rebound.
8:46 of 3rd period - Dana Tyrell is hit by Bruno Gervais and loses puck.
9:40 of 3rd period - Jared Spurgeon is hit by Dan Fritsche and loses puck.
9:47 of 3rd period - Wrist shot by Dan Fritsche.
9:47 of 3rd period - Shot Misses the Net.
9:59 of 3rd period - Jonathan Rheault is hit by Robert Klinkhammer and loses puck.
10:35 of 3rd period - Bruno Gervais is hit by Petter Granberg and loses puck.
10:49 of 3rd period - Icing by Willie Mitchell.
10:50 of 3rd period - Marcus Kruger wins face-off versus Dan Fritsche in Rafales zone.
10:57 of 3rd period - Anthony Stewart is hit by Bruno Gervais and loses puck.
12:16 of 3rd period - Wrist shot by Dan Fritsche.
12:16 of 3rd period - Stopped by Erik Ersberg without a rebound.
12:17 of 3rd period - Nathan Davis wins face-off versus Cody Bass in Little Stars zone.
12:20 of 3rd period - Snap shot by Nathan Davis.
12:20 of 3rd period - Stopped by Erik Ersberg with a rebound.
16:01 of 3rd period - Sean Avery is hit by Kevin Veilleux and loses puck.
16:30 of 3rd period - Minor Penalty to Justin Faulk for Holding.
16:31 of 3rd period - Sean Avery wins face-off versus Nathan Davis in Little Stars zone.
18:02 of 3rd period - Andrej Nestrasil is hit by Tim Crowder and loses puck.
18:29 of 3rd period - Hugh Jessiman is hit by Matt Gilroy and loses puck.
18:30 of 3rd period - Penalty to Justin Faulk is over, Justin Faulk is back on ice.
18:38 of 3rd period - Snap shot by Milan Bartovic.
18:38 of 3rd period - Shot Misses the Net.
18:58 of 3rd period - Slapshot by Cody Bass.
18:58 of 3rd period - Stopped by Eddie Lack with a rebound.
19:26 of 3rd period - Justin Faulk is hit by Nathan Davis and loses puck.
19:35 of 3rd period - Minor Penalty to Tim Crowder for Hooking.
19:36 of 3rd period - Nathan Davis wins face-off versus Cody Bass in Rafales zone.
Goals for this period are 3 for Rafales vs 2 for Little Stars.
Shots for this period are 8 for Rafales vs 7 for Little Stars.
Overtime #1
0:01 of 1st overtime period - Sean Avery wins face-off versus Dan Fritsche in neutral zone.
1:35 of 1st overtime period - Penalty to Tim Crowder is over, Tim Crowder is back on ice.
2:35 of 1st overtime period - Danny DeKeiser is hit by Willie Mitchell and loses puck.
2:49 of 1st overtime period - Icing by Justin Faulk.
2:50 of 1st overtime period - Jamie McGinn wins face-off versus Dan Fritsche in Little Stars zone.
3:54 of 1st overtime period - Cody McLeod is hit by Raphael Diaz and loses puck.
4:09 of 1st overtime period - Anthony Stewart is hit by Dmitry Kulikov and loses puck.
4:18 of 1st overtime period - Bruno Gervais is hit by Sean Avery and loses puck.
Goals for this period are 0 for Rafales vs 0 for Little Stars.
Shots for this period are 0 for Rafales vs 0 for Little Stars.
ShootOut
5:00 of 1st overtime period - Penalty Shot by Jeff Skinner for Rafales.
5:00 of 1st overtime period - Deke by Jeff Skinner.
5:00 of 1st overtime period - Stopped by Erik Ersberg.
5:00 of 1st overtime period - Penalty Shot by Sean Avery for Little Stars.
5:00 of 1st overtime period - Wrist shot by Sean Avery.
5:00 of 1st overtime period - Stopped by Eddie Lack.
5:00 of 1st overtime period - Penalty Shot by Milan Bartovic for Rafales.
5:00 of 1st overtime period - Deke by Milan Bartovic.
5:00 of 1st overtime period - Stopped by Erik Ersberg.
5:00 of 1st overtime period - Penalty Shot by Anthony Stewart for Little Stars.
5:00 of 1st overtime period - Deke by Anthony Stewart.
5:00 of 1st overtime period - Stopped by Eddie Lack.
5:00 of 1st overtime period - Penalty Shot by Cody McLeod for Rafales.
5:00 of 1st overtime period - Snap shot by Cody McLeod.
5:00 of 1st overtime period - Stopped by Erik Ersberg.
5:00 of 1st overtime period - Penalty Shot by Marcus Kruger for Little Stars.
5:00 of 1st overtime period - Backhand shot by Marcus Kruger.
5:00 of 1st overtime period - Goal by Marcus Kruger.
Back to the Top